 Dungeon Crawl Stone Soup version 0.31-a0-1236-gaa9e43cceb (webtiles) character file.

Game seed: 10921209567078038443

1 Ivernyr the Shield-Bearer (level 1, -2/18 HPs)
             Began as a Formicid Fighter on Dec 15, 2023.
             Slain by a kobold
             ... wielding a +2 whip of pain
              (7 damage)
             ... on level 1 of the Dungeon.
             The game lasted 00:00:15 (21 turns).

Ivernyr the Shield-Bearer (Formicid Fighter)          Turns: 21, Time: 00:00:16

Health: -2/18      AC:  6    Str: 20    XL:     1   Next: 22%
Magic:  1/1        EV:  9    Int:  7    God:
Gold:   0          SH:  5    Dex: 13    Spells: 0/0 levels left

rFire   . . .        a - +0 quarterstaff
rCold   . . .        c - +0 buckler
rNeg    . . .        b - +0 scale mail
rPois   .            (helmet unavailable)
rElec   .            (no cloak)
rCorr   .            (no gloves)
SInv    +            (no boots)
Will    .....        (no amulet) Stlth
                     (no ring)
HPRegen 0.23/turn    (no ring)
MPRegen 0.07/turn

%: no passive effects
@: no status effects
A: permanent stasis, dig shafts and tunnels, antennae 3, four strong arms
a: Dig, Shaft Self


You were on level 1 of the Dungeon.
You visited 1 branch of the dungeon, and saw 1 of its levels.

Inventory:

Hand Weapons
 a - a +0 quarterstaff (weapon)
Armour
 b - a +0 scale mail (worn)
 c - a +0 buckler (worn)
Potions
 d - a potion of might


   Skills:
 + Level 3.3 Fighting
 * Level 2.0 Staves
 + Level 3.3 Armour
 + Level 4.0 Shields


You couldn't memorise any spells.
You didn't know any spells.
Your spell library was empty.

Dungeon Overview and Level Annotations

Branches:
Dungeon (1/15)

Altars:


Innate Abilities, Weirdness & Mutations

You cannot be hasted, slowed, berserked, paralysed or teleported.
You can dig through walls and to a lower floor.
You have a pair of large antennae on your head. (SInv)
Your four strong arms can wield two-handed weapons with a shield.


Message History

Welcome, Ivernyr the Formicid Fighter.
Will you prevail where others failed? Will you find the Orb of Zot?
Press ? for a list of commands and other information.
Found a staircase leading out of the dungeon.
Found 5 stones.
Found a robe.
You sense a monster nearby.
A quokka, a hobgoblin and a kobold come into view.
The hobgoblin shouts!
The kobold shouts!
You hear a shout! x2
The kobold moves out of view.
You see here 5 stones.
A hobgoblin comes into view.
Found a black potion.
The hobgoblin shouts! 2 kobolds come into view.
A kobold is wielding a +2 whip of pain.
Found a metallic emerald potion.
The kobold shouts! x2
The quokka bites you but does no damage.
The quokka barely misses you.
You see here 5 stones.
The quokka bites you but does no damage.
You closely miss the quokka. The quokka bites you.
Unknown command.
You hit the hobgoblin.
The hobgoblin is heavily wounded.
The quokka barely misses you. The kobold hits you but does no damage.
The hobgoblin hits you. The quokka bites you.
You barely miss the hobgoblin.
The hobgoblin is heavily wounded.
You block the kobold's attack. The hobgoblin hits you. The quokka bites you.
* * * LOW HITPOINT WARNING * * *
You sock the hobgoblin!
You kill the hobgoblin!
You block the kobold's attack. You block the quokka's attack.
The kobold hits you but does no damage. The quokka barely misses you.
You closely miss the kobold.
The kobold hits you with a +2 whip of pain!
You die...

.........
##......#.
#..!......
###.########
#..(#######
#..#.K.....#
#...##..g[###.
#..## ##KrK#
#. ##@## .,
##..##
##.#..###
#.......#
#.###.<.# #..
#...# ...
##.... #...
#.#### # #.#


You could see a quokka, a hobgoblin and 3 kobolds.

Vanquished Creatures
  A hobgoblin (D:1)
1 creature vanquished.

Notes
Turn   | Place    | Note
-------+----------+-------------------------------------------
     0 | D:1      | Ivernyr the Formicid Fighter began the quest for the Orb.
     0 | D:1      | Reached XP level 1. HP: 18/18 MP: 1/1
    21 | D:1      | Slain by a kobold

Illustrated notes

Levels and vault maps discovered:
D:1:      dpeg_arrival_arbitrary_b, layout_rooms

Action                     || total
---------------------------++-------
  Melee: Quarterstaff      ||     5
 Armour: Scale mail        ||    10
  Dodge: Dodged            ||     3
  Block: Buckler           ||     3

Table legend: (Time is in decaauts)
 A = Elapsed time spent in this place.
 B = Non-inter-level travel time spent in this place.
 C = Inter-level travel time spent in this place.
 D = Time resting spent in this place.
 E = Time spent auto-exploring this place.
 F = Levels seen in this place.
 G = Mean time per level.
                   A        B        C        D        E       F      G
               +--------+--------+--------+--------+--------+-----+--------+
         Total |     21 |     21 |      0 |      0 |      5 |   1 |   21.0 |
       Dungeon |     21 |     21 |      0 |      0 |      5 |   1 |   21.0 |
               +--------+--------+--------+--------+--------+-----+--------+

Top non-repeatable levels by time:
     D:1: 21 daAuts
